 Dungeon Crawl Stone Soup version 0.29-a0-483-g69413ac (webtiles) character file.

Game seed: 15699188065660952863

52 Toastz the Magician (level 4, 33/33 HPs)
             Began as a Djinni Ice Elementalist on May 25, 2022.
             Was a Follower of Trog.
             Quit the game on level 3 of the Dungeon.
             The game lasted 00:05:14 (2733 turns).

Toastz the Magician (Djinni Ice Elementalist)       Turns: 2733, Time: 00:05:14

Health: 33/33      AC:  2    Str:  7    XL:     4   Next: 8%
Gold:   98         EV: 12    Int: 19    God:    Trog [*.....] SH:  3 Dex: 13

rFire   + + .      SeeInvis .   h - +0 dagger
rCold   x . .      Faith    .   g - +0 buckler
rNeg    . . .      Spirit   .   a - +0 robe
rPois   ∞          Reflect  .   (no helmet)
rElec   .          Harm     .   (no cloak)
rCorr   .          Rampage  .   (no gloves)
Will    .....                   (boots unavailable)
Stlth   ++........              (no amulet)
HPRegen 0.11/turn               (no ring)
MPRegen 0.00/turn               (no ring)

@: flying
A: sickness immunity, fire resistance 2, cold vulnerability 1, float, innate
caster, HP casting, extra vitality 1
a: Renounce Religion, Berserk


You were on level 3 of the Dungeon.
You worshipped Trog.
Trog was aware of your devotion.
You visited 1 branch of the dungeon, and saw 3 of its levels.

You collected 98 gold pieces.

Inventory:

Hand Weapons
 h - a +0 dagger (weapon)
 p - a +0 spear
Missiles
 f - 67 stones (quivered)
 i - 2 poisoned darts
 k - 3 boomerangs
 l - 6 javelins
Armour
 a - a +0 robe (worn)
 g - a +0 buckler (worn)
Scrolls
 b - 2 scrolls of vulnerability {unknown}
 m - a scroll of amnesia {unknown}
 n - 3 scrolls of identify {unknown}
Potions
 c - 4 potions of heal wounds {unknown}
 d - a potion of ambrosia {unknown}
 e - a potion of flight {unknown}
 o - a potion of curing {unknown}


   Skills:
 * Level 2.0 Fighting
 - Level 2.1 Dodging
 - Level 1.5 Stealth
 + Level 0.8 Shields
 - Level 3.7 Spellcasting


You couldn't memorise any spells.
You knew the following spells:

 Your Spells              Type           Power      Damage    Failure   Level
a - Freeze                Ice            68%        1d8       4%          1
b - Frozen Ramparts       Ice            34%        1d5       12%         3
c - Ozocubu's Armour      Ice            17%        N/A       12%         3
d - Hailstorm             Conj/Ice       17%        3d6       38%         4
e - Apportation           Tloc           34%        N/A       4%          1
Your spell library was empty.

Dungeon Overview and Level Annotations

Branches:
Dungeon (3/15)

Altars:
Trog

Shops:
D:1 ((*?*


Innate Abilities, Weirdness & Mutations

You are immune to sickness and miasma.
You are immune to poison.
Your flesh is very heat resistant. (rF++)
You are vulnerable to cold. (rC-)
You float through the air rather than walking.
You learn spells naturally, not from books.
Your magical power is your life essence.
You have superior vitality. (+4 MHP)


Message History

The hobgoblin shouts!
Casting: Freeze (safe; 4% risk of failure)
Confirm with . or Enter, or press ? or * to list all spells.
Aiming: Freeze (safe; 4% risk of failure)
Press: ? - help, Shift-Dir - straight line, f - hobgoblin
Aim: a hobgoblin You freeze the hobgoblin.
The hobgoblin is moderately wounded.
The hobgoblin barely misses you.
Casting: Freeze (safe; 4% risk of failure)
Confirm with . or Enter, or press ? or * to list all spells.
Aiming: Freeze (safe; 4% risk of failure)
Press: ? - help, Shift-Dir - straight line, f/p - hobgoblin
Aim: a hobgoblin (moderately wounded)
You freeze the hobgoblin!
You kill the hobgoblin!
You see here a hobgoblin corpse.
n - 3 scrolls labelled KEUTTO QOBAMYV (gained 2)
You see here a hobgoblin corpse.
You see here a +0 whip.
There is an open door here.
You see here a bat skeleton.
You see here a bat skeleton.
There is an open door here.
Done exploring.
Done exploring.
You see here a +0 plate armour.
There is a stone staircase leading down here.
You fly downwards.
Found a faded altar of an unknown god.
There is a stone staircase leading up here.
Done exploring.
There is a faded altar of an unknown god here.
You cannot tell which god this altar belongs to.
Convert to them anyway?
Okay, then.
You cannot tell which god this altar belongs to.
Convert to them anyway?
Trog accepts your prayer! Trog welcomes you!
You can now go berserk at will.
Are you sure you want to abandon this character and quit the game? (Confirm with "yes".)

. .. ... #
..#.
#.#######.....
#.#.....#.#
#.#.@.<.#.#
#.#.....#.#
#.#######.# #
#


There were no monsters in sight!

Vanquished Creatures
  An adder (D:2)
  2 dart slugs
  6 bats
  2 endoplasms
  3 goblins
  3 hobgoblins
  7 kobolds
  4 quokkas
  6 ball pythons
  A frilled lizard (D:1)
  2 rats
37 creatures vanquished.

Notes
Turn   | Place    | Note
-------+----------+-------------------------------------------
     0 | D:1      | Toastz the Djinni Ice Elementalist began the quest for the
                  | Orb.
     0 | D:1      | Reached XP level 1. HP: 15/15 MP: 0/0
    44 | D:1      | Found Ofolost's Magic Scroll Emporium.
    67 | D:1      | Found Liesemun's Assorted Antiques.
   416 | D:1      | Reached XP level 2. HP: 14/22 MP: 0/0
   532 | D:1      | Reached skill level 1 in Fighting
  1164 | D:1      | Reached XP level 3. HP: 7/27 MP: 0/0
  1164 | D:1      | Learned a level 1 spell: Apportation
  1441 | D:1      | Found Mylid's General Store.
  1441 | D:1      | Found Okhluemn's Weapon Boutique.
  1495 | D:1      | Found Hustu's Weapon Shoppe.
  2153 | D:2      | Reached XP level 4. HP: 21/33 MP: 0/0
  2729 | D:3      | Found a faded altar of an unknown god.
  2732 | D:3      | Prayed at the altar of an unknown god.
  2732 | D:3      | Became a worshipper of Trog the Wrathful
  2732 | D:3      | Reached * piety under Trog
  2733 | D:3      | Quit the game

Illustrated notes

Levels and vault maps discovered:
D:1:      dpeg_arrival_long_road, layout_loops_ring, serial_shops, shop,
          nicolae_shop_bloodbath_and_beyond, nicolae_shop_behind_doors, shop,
          shop, supply_closet_lemuel, minmay_misc_feat_plants
D:2:      layout_loops_ring, kennysheep_pointless_box,
          kennysheep_generic_room_14
D:3:      layout_rooms, nicolae_ecumenical_oubliette,
          ebering_ghost_reflecting_pool, grunt_ministairs_7,
          minmay_misc_feat_more_columns, minmay_surrounded

Skill      XL: |  1  2  3 |
---------------+----------+-----
Fighting       | 1 2 |  2.0
Dodging        | |  2.1
Stealth        | |  1.5
Shields        | |  0.8
Spellcasting   | |  3.7

Action                   |  1- 3 |  4- 6 || total
-------------------------+-------+-------++-------
Melee: Unarmed           |     2 |       ||     2
       Dagger            |     7 |       ||     7
       Spear             |       |     1 ||     1
Throw: Dart              |     1 |       ||     1
       Stone             |     7 |       ||     7
 Cast: Freeze            |    49 |     5 ||    54
       Frozen Ramparts   |     1 |       ||     1
Armor: Robe              |     8 |     2 ||    10
Dodge: Dodged            |    34 |     5 ||    39
Block: Buckler           |     4 |     1 ||     5

Table legend: (Time is in decaauts)
 A = Elapsed time spent in this place.
 B = Non-inter-level travel time spent in this place.
 C = Inter-level travel time spent in this place.
 D = Time resting spent in this place.
 E = Time spent auto-exploring this place.
 F = Levels seen in this place.
 G = Mean time per level.
                   A        B        C        D        E       F      G
               +--------+--------+--------+--------+--------+-----+--------+
         Total |   2732 |   2668 |     64 |    851 |   1554 |   3 |  910.7 |
       Dungeon |   2732 |   2668 |     64 |    851 |   1554 |   3 |  910.7 |
               +--------+--------+--------+--------+--------+-----+--------+

Top non-repeatable levels by time:
     D:1: 1689 daAuts
     D:2: 1039 daAuts
     D:3: 3 daAuts
